[Event "Titled Tuesday Blitz July 13 2021"]
[White "Shevchenko, Kirill"]
[Black "Ambartsumova, Karina"]
[WhiteFideId "14129574"]
[BlackFideId "4166299"]
[WhiteElo "2569"]
[BlackElo "2262"]
[Result "1-0"]
[Round "02"]
[TimeControl "180+1"]
[Date "2021.07.13"]
[WhiteClock "0:00:39"]
[BlackClock "0:00:06"]

1. d3 d5 2. Nd2 Nf6 3. e4 e5 4. Ngf3 Nc6 5. exd5 Nxd5 6. g3 Be7 7. Bg2 O-O 8. O-O Re8 9. Re1 Bf8 10. c3 Nb6 11. Qc2 Bf5 12. Ne4 h6 13. a4 a5 14. Be3 Nd5 15. Bd2 Qd7 16. Qb3 Be6 17. Qb5 b6 18. Rad1 f6 19. Nh4 Rad8 20. Bxh6 gxh6 21. c4 Nce7 22. cxd5 Nxd5 23. Qxd5 Qxd5 24. Nxf6+ Kf7 25. Bxd5 Kxf6 26. Bc6 Re7 27. Nf3 Rd6 28. Bb5 Bb3 29. Nd2 Bxd1 30. Ne4+ Kg7 31. Nxd6 cxd6 32. Rxd1 Rc7 33. Bc4 Be7 34. Kg2 Bf6 35. Kf3 Rc5 36. Ke4 Kf8 37. Ra1 Ke7 38. h4 Rc7 39. Ra3 Rc5 40. Rb3 Rc6 41. Rb5 Kd8 42. Kf5 Be7 43. Rd5 Kc7 44. Kg6 Bf8 45. Kf7 e4 46. Kxf8 exd3 47. Bxd3 Rc1 48. g4 Rg1 49. g5 hxg5 50. hxg5 Kc6 51. Rf5 d5 52. Rf6+ Kc5 53. g6 Kd4 54. Bf5 Ke5 55. Rf7 Rg5 56. g7 d4 57. g8=Q 1-0


[Site "https://www.chess.com"]

[Event "Titled Tuesday Blitz July 13 2021"]
[White "Shevelev, Dmitri"]
[Black "Borsuk, Konstantin"]
[WhiteFideId "2802627"]
[BlackFideId "14113406"]
[WhiteElo "2262"]
[BlackElo "2363"]
[Result "1-0"]
[Round "02"]
[TimeControl "180+1"]
[Date "2021.07.13"]
[WhiteClock "0:01:47"]
[BlackClock "0:02:26"]

1. d4 Nf6 2. Nf3 e6 3. Nc3 Bb4 4. Bg5 h6 5. Bxf6 Qxf6 6. Qd2 c5 7. a3 Bxc3 8. Qxc3 b6 9. e4 cxd4 10. Qxc8+ Qd8 11. Qxd8+ Kxd8 12. Nxd4 Ke7 13. O-O-O a6 14. f4 d6 15. Be2 Ra7 16. Bf3 Rc7 17. Rd2 Nd7 18. Rhd1 g6 19. Nb3 Rc6 20. e5 d5 21. Nd4 Rc7 22. c3 g5 23. g3 Rg8 24. Kb1 b5 25. Re1 Nb6 26. f5 g4 27. Be2 Rg5 28. Bd3 Nd7 29. Rf2 h5 30. Bc2 Rc8 31. a4 b4 32. cxb4 Rc4 33. Rd2 Rxb4 34. Nc6+ 1-0


[Site "https://www.chess.com"]

[Event "Titled Tuesday Blitz July 13 2021"]
[White "Silich, Yahor"]
[Black "Samsonkin, Artiom"]
[WhiteFideId "13513656"]
[BlackFideId "13503111"]
[WhiteElo "2142"]
[BlackElo "2513"]
[Result "0-1"]
[Round "02"]
[TimeControl "180+1"]
[Date "2021.07.13"]
[WhiteClock "0:00:41"]
[BlackClock "0:00:39"]

1. e4 c5 2. Nf3 d6 3. Bb5+ Nd7 4. d4 cxd4 5. Qxd4 a6 6. Be2 Ngf6 7. O-O g6 8. e5 dxe5 9. Nxe5 Bg7 10. Bf4 O-O 11. Nc3 Nxe5 12. Bxe5 Bf5 13. Bf3 Qxd4 14. Bxd4 Rad8 15. Bb6 Rd2 16. Bxb7 Rb8 17. Be3 Rxc2 18. Bxa6 Rbxb2 19. Rac1 Ng4 20. Nd5 Be4 21. h3 Bxd5 22. hxg4 Rxa2 23. Rxc2 Rxc2 24. Rd1 e6 25. Bb7 Bxb7 26. Rd8+ Bf8 27. Bh6 Rc8 0-1


[Site "https://www.chess.com"]

[Event "Titled Tuesday Blitz July 13 2021"]
[White "Siniauski, Artsiom"]
[Black "De Souza, Cristiano Gomes"]
[WhiteFideId "13512269"]
[BlackFideId "2151758"]
[WhiteElo "2210"]
[BlackElo "2068"]
[Result "1-0"]
[Round "02"]
[TimeControl "180+1"]
[Date "2021.07.13"]
[WhiteClock "0:01:33"]
[BlackClock "0:00:41"]

1. e4 c5 2. Nf3 d6 3. Bb5+ Bd7 4. Bxd7+ Qxd7 5. c4 Nc6 6. Nc3 g6 7. d4 cxd4 8. Nxd4 Bg7 9. Nde2 Nf6 10. O-O O-O 11. f3 Rac8 12. Be3 Ne5 13. b3 a6 14. a4 h6 15. Rc1 Kh7 16. Qe1 Ng8 17. Qd2 f5 18. exf5 Qxf5 19. Nd5 Qf7 20. Nd4 Nf6 21. Nxf6+ Qxf6 22. Rfe1 Nc6 23. Rcd1 Nxd4 24. Bxd4 Qxd4+ 25. Qxd4 Bxd4+ 26. Rxd4 Rf7 27. Rde4 Rc7 28. Kf2 Kg7 29. Ke3 e5 30. Rd1 Rcd7 31. Rd5 Kf6 32. Kf2 Ke6 33. Re2 Rc7 34. Red2 Rfd7 35. Ke3 Rc5 36. Ke4 Rxd5 37. cxd5+ Ke7 38. Rc2 Kd8 39. h4 Rc7 40. Rxc7 Kxc7 41. a5 b6 42. b4 bxa5 43. bxa5 Kd7 44. h5 Ke7 45. hxg6 Kf6 46. g7 Kxg7 47. Kf5 Kf7 48. g4 Kg7 49. Ke6 Kg6 50. Kxd6 e4 51. fxe4 Kg5 52. Ke5 Kxg4 53. d6 h5 54. d7 h4 55. d8=Q h3 56. Qg8+ Kf3 57. Qg1 1-0


[Site "https://www.chess.com"]

[Event "Titled Tuesday Blitz July 13 2021"]
[White "Skatchkov, Valery"]
[Black "Shahade, Gregory"]
[WhiteFideId "24195812"]
[BlackFideId "2009064"]
[WhiteElo "2199"]
[BlackElo "2712"]
[Result "0-1"]
[Round "02"]
[TimeControl "180+1"]
[Date "2021.07.13"]
[WhiteClock "0:00:10"]
[BlackClock "0:00:10"]

1. d4 Nf6 2. c4 g6 3. Nf3 Bg7 4. g3 d5 5. Bg2 O-O 6. cxd5 Nxd5 7. O-O Nb6 8. Nc3 Nc6 9. e3 Re8 10. Re1 a5 11. h3 a4 12. Ng5 e5 13. d5 Na5 14. e4 Nac4 15. Qc2 Bd7 16. Nf3 Nd6 17. Kh2 c6 18. dxc6 Bxc6 19. Bg5 Bf6 20. Bh6 Rc8 21. Rad1 Qe7 22. b3 Bxe4 23. Qd2 Bxf3 24. Bxf3 Nf5 25. bxa4 Nxh6 26. a5 Na8 27. Nd5 Qe6 28. Nxf6+ Qxf6 29. Qxh6 Qxf3 30. Rd2 Nc7 31. Re3 Qf6 32. Rb3 Rb8 33. Qe3 Ne6 34. Rdb2 Nd4 35. Rxb7 Rxb7 36. Rxb7 Nf3+ 37. Kg2 e4 38. Rb1 Qc6 39. Rc1 Qd5 40. a6 Ra8 41. a7 Qb7 42. Rd1 Rxa7 43. Rd8+ Kg7 44. Qc3+ f6 45. Qc4 Qf7 46. Qxe4 Ng5 47. Qb4 Qb7+ 48. Qxb7+ Rxb7 49. h4 Nf7 50. Rd4 Ra7 51. a4 f5 52. Rb4 Kf6 53. Kf3 Nd6 54. Ke3 Ke5 55. f3 Kd5 56. g4 fxg4 57. fxg4 Nc4+ 58. Kf4 h6 59. h5 Rf7+ 60. Kg3 g5 61. Rb5+ Ke4 62. Rc5 Rf3+ 63. Kg2 Ne3+ 64. Kh2 Nxg4+ 65. Kg2 Ne3+ 66. Kh2 g4 67. Rc6 Rh3+ 68. Kg1 Nf5 69. Rg6 Rg3+ 70. Kh2 Kf4 71. Rc6 Rh3+ 72. Kg2 Ra3 73. Rc4+ Kg5 74. Rb4 Kxh5 0-1


[Site "https://www.chess.com"]

[Event "Titled Tuesday Blitz July 13 2021"]
[White "Solon, Nathan"]
[Black "Prydun, Andriy"]
[WhiteFideId "2017229"]
[BlackFideId "14145898"]
[WhiteElo "2642"]
[BlackElo "2024"]
[Result "1-0"]
[Round "02"]
[TimeControl "180+1"]
[Date "2021.07.13"]
[WhiteClock "0:00:48"]
[BlackClock "0:00:06"]

1. d4 d5 2. c4 c6 3. Nf3 Nf6 4. g3 e6 5. Bg2 Nbd7 6. Nfd2 b6 7. O-O Bb7 8. Nc3 Be7 9. e4 O-O 10. e5 Ne8 11. cxd5 cxd5 12. f4 Nc7 13. f5 exf5 14. Rxf5 b5 15. Rf1 b4 16. Ne2 Ne6 17. Nf3 Nb6 18. Nf4 Bc8 19. Nh5 Qc7 20. b3 Ba6 21. Rf2 Rac8 22. Bf1 Bxf1 23. Qxf1 Qc3 24. Bd2 Qc6 25. Qh3 Nc7 26. Raf1 Qe6 27. g4 Nb5 28. Ng5 Bxg5 29. Bxg5 Nxd4 30. Bf6 Rc3 31. Qh4 Nd7 32. Bxg7 Nxe5 33. Nf6+ Kxg7 34. Qxh7# 1-0


[Site "https://www.chess.com"]

[Event "Titled Tuesday Blitz July 13 2021"]
[White "Spyropoulos, Nikolaos"]
[Black "Rosenberg, Evan S"]
[WhiteFideId "4298977"]
[BlackFideId "2019299"]
[WhiteElo "2159"]
[BlackElo "2378"]
[Result "1-0"]
[Round "02"]
[TimeControl "180+1"]
[Date "2021.07.13"]
[WhiteClock "0:00:42"]
[BlackClock "0:00:01"]

1. d4 Nf6 2. Nf3 e6 3. Bg5 h6 4. Bh4 c5 5. e3 Nc6 6. Nbd2 a6 7. c3 d5 8. Bd3 cxd4 9. exd4 Be7 10. O-O O-O 11. Re1 Bd7 12. Rc1 Rc8 13. Bb1 Be8 14. Ne5 Nxe5 15. dxe5 Nd7 16. Bg3 Qb6 17. Nb3 Bg5 18. Qd3 g6 19. Rcd1 Nc5 20. Nxc5 Rxc5 21. h4 Be7 22. Bf4 Kg7 23. Qd2 Rh8 24. Be3 Qc7 25. Bxc5 Qxc5 26. h5 Bg5 27. Qc2 gxh5 28. Rd4 h4 29. Kh2 Qc7 30. f4 1-0


[Site "https://www.chess.com"]

[Event "Titled Tuesday Blitz July 13 2021"]
[White "Srihari L R"]
[Black "Tomb, Maroun"]
[WhiteFideId "46617116"]
[BlackFideId "5300398"]
[WhiteElo "2121"]
[BlackElo "2518"]
[Result "1/2-1/2"]
[Round "02"]
[TimeControl "180+1"]
[Date "2021.07.13"]
[WhiteClock "0:00:03"]
[BlackClock "0:00:05"]

1. Nf3 Nf6 2. c4 d6 3. d4 Nbd7 4. g3 e5 5. Bg2 c6 6. O-O Be7 7. Nc3 O-O 8. b3 a6 9. Bb2 e4 10. Nh4 d5 11. cxd5 cxd5 12. Nf5 Bb4 13. a3 Ba5 14. Rc1 Nb8 15. Ne3 Nc6 16. b4 Bc7 17. Na4 Qe8 18. Nc5 b6 19. Na4 Bd7 20. Nc3 Be6 21. Qd2 Rc8 22. f3 exf3 23. exf3 Qd7 24. f4 Bh3 25. Ncxd5 Nxd5 26. Nxd5 Bxg2 27. Qxg2 Ne7 28. Nxe7+ Qxe7 29. d5 Qd7 30. Be5 Bd6 31. Rc6 Bxe5 32. fxe5 Rxc6 33. dxc6 Qd4+ 34. Qf2 Qxe5 35. Qxb6 h5 36. c7 Rc8 37. Rc1 h4 38. Qc5 Qb2 39. Qc3 Qe2 40. gxh4 Qg4+ 41. Qg3 Qd4+ 42. Kh1 Qe4+ 43. Qg2 Qxh4 44. Qd5 Qf4 45. Qd8+ Kh7 46. Qxc8 Qxc1+ 47. Kg2 Qd2+ 48. Kf3 Qd3+ 49. Kf2 Qd2+ 50. Kg3 Qd3+ 51. Kh4 Qc4+ 52. Kh3 Qd3+ 53. Kg2 Qe2+ 54. Kg3 Qd3+ 55. Kf4 Qd4+ 56. Kf5 Qd5+ 57. Kf4 Qd4+ 58. Kf3 Qd3+ 59. Kg2 Qe2+ 60. Kg3 Qd3+ 1/2-1/2


[Site "https://www.chess.com"]

[Event "Titled Tuesday Blitz July 13 2021"]
[White "Starozhilov, Leonid"]
[Black "Reprintsev, Alexander"]
[WhiteFideId "14106752"]
[BlackFideId "14100541"]
[WhiteElo "2414"]
[BlackElo "2126"]
[Result "0-1"]
[Round "02"]
[TimeControl "180+1"]
[Date "2021.07.13"]
[WhiteClock "0:00:07"]
[BlackClock "0:01:18"]

1. c4 e5 2. Nc3 Nc6 3. Nf3 Bb4 4. Qb3 Nf6 5. a3 Bc5 6. e3 O-O 7. Qc2 d5 8. cxd5 Nxd5 9. Nxd5 Qxd5 10. Bc4 Qd6 11. b4 Bb6 12. Bb2 Be6 13. Ng5 g6 14. Bxe6 fxe6 15. Ne4 Qd5 16. O-O a5 17. Bc3 axb4 18. axb4 Rxa1 19. Rxa1 Qc4 20. Rb1 Rd8 21. h3 Rd5 22. Nf6+ Kf7 23. Nxd5 exd5 24. b5 Ne7 25. Qb3 Qxb3 26. Rxb3 d4 27. Bb2 Ke6 28. Ba3 Nd5 29. e4 Nf4 30. Kf1 h5 31. d3 Ba5 32. Bc1 Bc3 33. Bxf4 exf4 34. Ra3 Kd6 35. Ra7 b6 36. Ke2 g5 37. Kf3 Be1 38. e5+ Kxe5 39. Rxc7 Kf5 40. Rf7+ Kg6 41. Rd7 Kf5 42. Rxd4 g4+ 43. hxg4+ hxg4+ 44. Ke2 Ba5 45. Rc4 Ke5 46. g3 f3+ 47. Kf1 Kf5 48. Re4 Bc3 49. Re8 Bd4 50. Rc8 Ke5 51. Rc4 Kd5 52. Ke1 Ke5 53. Rc6 Kf5 54. Rd6 Bc5 55. Rd5+ Ke6 56. Rxc5 bxc5 57. Kd2 Kd6 58. Kc3 Kc7 59. Kb3 Kb7 60. Kc4 Kb6 61. d4 cxd4 62. Kxd4 Kxb5 63. Ke4 Kc4 64. Kf4 Kd3 65. Kxg4 Ke2 66. Kh5 Kxf2 67. g4 Ke3 68. g5 f2 69. g6 f1=Q 70. Kh6 Qf6 71. Kh7 Qh4+ 72. Kg8 Kf4 73. g7 Kf5 74. Kf7 Qf6+ 75. Ke8 Qxg7 0-1


[Site "https://www.chess.com"]

[Event "Titled Tuesday Blitz July 13 2021"]
[White "Steinberg, Nitzan"]
[Black "Manukyan, Artyom"]
[WhiteFideId "2801795"]
[BlackFideId "13305786"]
[WhiteElo "2440"]
[BlackElo "2034"]
[Result "0-1"]
[Round "02"]
[TimeControl "180+1"]
[Date "2021.07.13"]
[WhiteClock "0:00:15"]
[BlackClock "0:00:16"]

1. e4 e5 2. Nf3 Nc6 3. Bb5 a6 4. Ba4 Nf6 5. O-O Be7 6. Re1 b5 7. Bb3 O-O 8. h3 d6 9. c3 Bb7 10. d4 Re8 11. Nbd2 Bf8 12. a3 h6 13. Bc2 g6 14. Nf1 Bg7 15. Ng3 Qd7 16. d5 Nb8 17. b3 c6 18. c4 Qc7 19. Be3 Nbd7 20. Qd2 Kh7 21. Red1 Rac8 22. dxc6 Qxc6 23. Qxd6 Qxd6 24. Rxd6 bxc4 25. b4 h5 26. Ba4 Re7 27. Rad1 Nf8 28. Bc5 Re6 29. Ng5+ Kg8 30. Nxe6 Nxe6 31. Be3 Nxe4 32. Nxe4 Bxe4 33. Bd7 Rc7 34. Bb6 Rb7 35. Bxe6 fxe6 36. Rxe6 c3 37. Be3 c2 38. Rc1 Bd3 39. f3 e4 40. fxe4 Bb2 41. Kf2 Rf7+ 42. Kg3 Bxc1 43. Bxc1 Rf1 44. Bg5 c1=Q 45. Bxc1 Rxc1 46. Rxg6+ Kh7 47. Rg5 Kh6 48. Ra5 Rc3 49. Kh4 Bf1 50. Rxa6+ Bxa6 51. g4 hxg4 52. hxg4 Rxa3 53. g5+ Kg6 54. Kg4 Ra4 55. Kf4 Rxb4 56. Ke5 Bb7 57. Kd6 Rxe4 58. Kc5 Rf4 59. Kb6 Kxg5 60. Kxb7 Kg4 61. Kc6 Kf3 62. Kd5 Re4 63. Kc5 Ke3 64. Kd5 Kd3 65. Kc5 Rd4 66. Kb5 Kc3 67. Kc5 Kd3 68. Kb5 Rc4 69. Ka5 Kd4 70. Kb5 Kd5 71. Kb6 Rc5 72. Ka6 Kc6 73. Ka7 Rb5 74. Ka6 Rc5 75. Ka7 Ra5+ 76. Kb8 Ra6 77. Kc8 Ra8# 0-1


[Site "https://www.chess.com"]

[Event "Titled Tuesday Blitz July 13 2021"]
[White "Steven_Rojas"]
[Black "Grigoriants, Sergey"]
[BlackFideId "4130804"]
[WhiteElo "2556"]
[BlackElo "2502"]
[Result "0-1"]
[Round "02"]
[TimeControl "180+1"]
[Date "2021.07.13"]
[WhiteClock "0:00:02"]
[BlackClock "0:00:09"]

1. d4 Nf6 2. Nf3 d5 3. c4 e6 4. e3 Bd6 5. Nc3 O-O 6. Qc2 a6 7. c5 Be7 8. Bd3 b6 9. cxb6 cxb6 10. g4 Nxg4 11. Bxh7+ Kh8 12. Bd3 Nc6 13. a3 Bd7 14. Rg1 Nf6 15. Bd2 b5 16. Ne2 Rc8 17. Qb1 Bd6 18. Ng3 b4 19. a4 b3 20. Bxa6 Nb4 21. Bxc8 Nc2+ 22. Kf1 Qxc8 23. Bc3 Ne4 24. Nxe4 Qc4+ 25. Kg2 dxe4 26. Nd2 Qe2 27. Kh1 Qxf2 28. Rg2 Qxe3 29. Nc4 Qf4 30. Nxd6 Qxd6 31. Qg1 Nxa1 32. Rxg7 Qf4 33. Rg3 Qh6 34. Qf1 e5 35. dxe5 Be6 36. Bd2 e3 37. Bxe3 Qh4 38. Bf4 Rd8 39. Bg5 Qe4+ 40. Kg1 Qd4+ 41. Be3 Qd1 42. Qxd1 Rxd1+ 43. Kf2 Nc2 44. a5 Nxe3 45. Kxe3 Ra1 46. Kf4 Rxa5 47. Rc3 Kg7 48. h4 Ra2 0-1


[Site "https://www.chess.com"]

[Event "Titled Tuesday Blitz July 13 2021"]
[White "Stocek, Jiri"]
[Black "Pridorozhni, Aleksei"]
[WhiteFideId "304760"]
[BlackFideId "4127870"]
[WhiteElo "2409"]
[BlackElo "2565"]
[Result "0-1"]
[Round "02"]
[TimeControl "180+1"]
[Date "2021.07.13"]
[WhiteClock "0:00:05"]
[BlackClock "0:01:03"]

1. d3 d5 2. Nd2 c5 3. e4 e6 4. Be2 Nc6 5. Ngf3 Nge7 6. O-O g6 7. Re1 Bg7 8. Bf1 O-O 9. c3 d4 10. cxd4 cxd4 11. e5 Qc7 12. Nc4 b5 13. Na3 a6 14. Bf4 Bb7 15. Rc1 Qd7 16. h4 Rac8 17. h5 Nb4 18. h6 Bh8 19. Qb3 Bxf3 20. Qxb4 Nd5 21. Qxd4 Bh5 22. Nc4 bxc4 23. dxc4 Nf6 24. Qb6 Rc6 25. Qb4 Qc7 26. f3 Nd7 27. g4 g5 28. Bxg5 Bg6 29. f4 f6 30. exf6 Bxf6 31. Bxf6 Nxf6 32. Bg2 Rb6 33. Qa5 Rc6 34. Qxc7 Rxc7 35. g5 Nh5 36. Rxe6 Nxf4 37. Rxa6 Nxg2 38. Kxg2 Rc5 39. Rc3 Rxg5+ 40. Rg3 Rh5 41. c5 Rxc5 0-1


[Site "https://www.chess.com"]

[Event "Titled Tuesday Blitz July 13 2021"]
[White "Svane, Frederik"]
[Black "Janaszak, Dawid"]
[WhiteFideId "12923044"]
[BlackFideId "1119206"]
[WhiteElo "2459"]
[BlackElo "2332"]
[Result "1/2-1/2"]
[Round "02"]
[TimeControl "180+1"]
[Date "2021.07.13"]
[WhiteClock "0:00:03"]
[BlackClock "0:00:15"]

1. e4 c6 2. Nf3 d5 3. exd5 cxd5 4. d4 Nf6 5. c3 Nc6 6. Ne5 Bd7 7. Bd3 e6 8. Bf4 Nxe5 9. Bxe5 Be7 10. Nd2 O-O 11. Qe2 Bc6 12. g4 b5 13. Bxb5 Bxb5 14. Qxb5 Nxg4 15. Bxg7 Kxg7 16. Rg1 f5 17. h3 h5 18. Qe2 Kf7 19. hxg4 hxg4 20. O-O-O Rb8 21. Nb3 Qd6 22. Kb1 a5 23. Nxa5 Qb6 24. Nb3 Ra8 25. f3 Rxa2 26. Kxa2 Ra8+ 27. Kb1 Qxb3 28. Rde1 Qa2+ 29. Kc2 Qa4+ 30. Kb1 Qa2+ 31. Kc2 Qa4+ 32. Kd3 Qc6 33. Kc2 Qa4+ 1/2-1/2


[Site "https://www.chess.com"]

[Event "Titled Tuesday Blitz July 13 2021"]
[White "Taichman, Ori"]
[Black "Szente Varga, Fruzsina"]
[WhiteFideId "2804069"]
[BlackFideId "712264"]
[WhiteElo "2227"]
[BlackElo "2106"]
[Result "1-0"]
[Round "02"]
[TimeControl "180+1"]
[Date "2021.07.13"]
[WhiteClock "0:00:26"]
[BlackClock "0:01:05"]

1. e4 e5 2. d4 exd4 3. Qxd4 Nc6 4. Qe3 Nf6 5. Nc3 Be7 6. Bc4 O-O 7. Bd2 Na5 8. Be2 d5 9. Nxd5 Nxd5 10. exd5 b6 11. O-O-O Bf6 12. Bc3 Re8 13. Bxf6 gxf6 14. Qh6 Bf5 15. Bd3 Bg6 16. h4 Re5 17. h5 Bxd3 18. Rxd3 Rxd5 19. Rhh3 Rxd3 20. Rxd3 Qf8 21. Rg3+ Kh8 22. Qxf6+ 1-0


[Site "https://www.chess.com"]

[Event "Titled Tuesday Blitz July 13 2021"]
[White "Terry, Renato"]
[Black "Vestby-Ellingsen, Mads"]
[WhiteFideId "3803457"]
[BlackFideId "1520857"]
[WhiteElo "2581"]
[BlackElo "2232"]
[Result "1-0"]
[Round "02"]
[TimeControl "180+1"]
[Date "2021.07.13"]
[WhiteClock "0:01:00"]
[BlackClock "0:00:01"]

1. e4 e5 2. Nf3 Nc6 3. c3 Nf6 4. d4 Nxe4 5. d5 Bc5 6. dxc6 Bxf2+ 7. Ke2 Bb6 8. Qd5 Nf2 9. Rg1 O-O 10. cxb7 Bxb7 11. Qxb7 e4 12. Nd4 Nd3 13. Be3 Qh4 14. g3 Qg4+ 15. Kd2 Rab8 16. Be2 Qxe2+ 17. Kxe2 Rxb7 18. b3 c5 19. Nf5 d5 20. Nd2 g6 21. Nh6+ Kg7 22. Ng4 Re8 23. Bh6+ Kh8 24. Nf6 Re5 25. Rgf1 a5 26. c4 d4 27. Ndxe4 Nb4 28. Kd2 d3 29. Rae1 Nc6 30. Nd6 Rbe7 31. Kxd3 Rxe1 32. Rxe1 1-0


[Site "https://www.chess.com"]

[Event "Titled Tuesday Blitz July 13 2021"]
[White "Tharushi, T H D Niklesha"]
[Black "Hebden, Mark L"]
[WhiteFideId "9918264"]
[BlackFideId "400084"]
[WhiteElo "1595"]
[BlackElo "2457"]
[Result "0-1"]
[Round "02"]
[TimeControl "180+1"]
[Date "2021.07.13"]
[WhiteClock "0:00:11"]
[BlackClock "0:01:00"]

1. e4 e5 2. Nf3 Nc6 3. Bc4 Nf6 4. d3 Be7 5. c3 O-O 6. O-O d5 7. exd5 Nxd5 8. Bb3 Bg4 9. h3 Bh5 10. Nbd2 Kh8 11. Ne4 f5 12. Neg5 Bxg5 13. Bxg5 Qd6 14. Re1 Rae8 15. a3 f4 16. c4 Nb6 17. Rc1 Nd7 18. Qc2 Nc5 19. d4 Nxb3 20. Qxb3 e4 21. Nd2 Qg6 22. Bh4 Nxd4 23. Qc3 c5 24. b4 b6 25. bxc5 bxc5 26. Nb3 Nf3+ 27. Kh1 Nxh4 28. Nxc5 Qxg2# 0-1


[Site "https://www.chess.com"]

[Event "Titled Tuesday Blitz July 13 2021"]
[White "Tikhonov, Viacheslav"]
[Black "Bilych, Olexiy"]
[WhiteFideId "44196407"]
[BlackFideId "14156504"]
[WhiteElo "1773"]
[BlackElo "2246"]
[Result "0-1"]
[Round "02"]
[TimeControl "180+1"]
[Date "2021.07.13"]
[WhiteClock "0:00:04"]
[BlackClock "0:00:23"]

1. e4 Nf6 2. e5 Nd5 3. d4 d6 4. exd6 exd6 5. c4 Nf6 6. Nc3 Be7 7. g3 O-O 8. Bg2 Nc6 9. Nge2 Bg4 10. O-O Re8 11. h3 Bh5 12. Be3 Bf8 13. Qd2 Bg6 14. Nf4 Ne4 15. Nxe4 Bxe4 16. Rfe1 Bxg2 17. Kxg2 g6 18. b4 a6 19. a4 a5 20. b5 Nb4 21. Nd5 Nxd5 22. cxd5 Bg7 23. Rac1 Qd7 24. Qd3 h6 25. Rc4 Re7 26. Rec1 Rae8 27. Rxc7 Qxc7 28. Rxc7 Rxc7 29. b6 Rce7 30. Qb5 Re4 31. Qd7 R4e7 32. Qxd6 Bf8 33. Qf6 Rd7 34. Qf3 Red8 35. d6 Bxd6 36. Bxh6 Bf8 37. Be3 Bg7 38. h4 Rd5 39. g4 R8d7 40. h5 gxh5 41. gxh5 Bxd4 42. h6 Bxe3 43. Qxe3 Kh7 44. Qf4 R5d6 45. Qf5+ Kxh6 46. Qxa5 Rg6+ 47. Kf1 Rdd6 48. Qf5 Rxb6 49. Qxf7 Rgf6 50. Qd5 Rb2 51. Qd4 Rbb6 52. Qh4+ Kg6 53. Qg4+ Kf7 54. Qc4+ Ke7 55. a5 Ra6 56. Qc5+ Kd7 57. Qb5+ Kc7 58. Qc5+ Rfc6 59. Qe5+ Rd6 60. Ke2 Kb8 61. Kf1 Ka8 62. Qe8+ Ka7 63. Qe3+ Kb8 64. Qe8+ Kc7 65. Qe7+ Rd7 66. Qc5+ Rc6 67. Qe5+ Kc8 68. Qe8+ Rd8 69. Qe3 Rf8 70. Qh3+ Kb8 71. Qg3+ Ka8 72. Qe3 Rcf6 73. Qc5 Rxf2+ 74. Qxf2 Rxf2+ 75. Kxf2 Ka7 76. Ke3 Ka6 77. Kd2 Kxa5 78. Kc3 Ka4 79. Kc4 b5+ 80. Kc3 Ka3 81. Kc2 b4 82. Kb1 Kb3 83. Ka1 Kc2 84. Ka2 b3+ 85. Ka1 b2+ 86. Ka2 b1=Q+ 87. Ka3 Qb3# 0-1


[Site "https://www.chess.com"]

[Event "Titled Tuesday Blitz July 13 2021"]
[White "Todev, Simeon"]
[Black "Matinian, Nikita"]
[WhiteFideId "2925133"]
[BlackFideId "24129100"]
[WhiteElo "1818"]
[BlackElo "2410"]
[Result "0-1"]
[Round "02"]
[TimeControl "180+1"]
[Date "2021.07.13"]
[WhiteClock "0:02:20"]
[BlackClock "0:02:25"]

1. e4 c5 2. Nf3 d6 3. c3 Nf6 4. Bd3 Nc6 5. Bc2 Bg4 6. O-O e6 7. h3 Bh5 8. d3 Qc7 9. Re1 O-O-O 10. Bf4 Rg8 11. Nbd2 g5 12. Bg3 g4 13. hxg4 Bxg4 14. Nf1 Nh5 15. Ne3 Nxg3 16. fxg3 d5 17. Nxg4 Rxg4 18. e5 Rxg3 19. d4 cxd4 20. cxd4 Rxf3 21. gxf3 Nxd4 22. Bd3 Bc5 23. Kh2 Qe7 24. Rg1 Qh4+ 25. Kg2 Rg8+ 26. Kf1 Rxg1+ 27. Kxg1 Ne2+ 28. Kf1 Qf2# 0-1


[Site "https://www.chess.com"]

[Event "Titled Tuesday Blitz July 13 2021"]
[White "Tokman, Ariel"]
[Black "Willow, Jonah B"]
[WhiteFideId "117420"]
[BlackFideId "438804"]
[WhiteElo "2345"]
[BlackElo "2261"]
[Result "1-0"]
[Round "02"]
[TimeControl "180+1"]
[Date "2021.07.13"]
[WhiteClock "0:00:04"]
[BlackClock "0:00:02"]

1. d4 Nf6 2. Nf3 e6 3. Bf4 c5 4. e3 cxd4 5. exd4 b6 6. Nbd2 Be7 7. a4 a6 8. c3 Bb7 9. Bd3 O-O 10. Qe2 d6 11. O-O Re8 12. Rfe1 Bf8 13. h3 Nbd7 14. Bh2 Qc7 15. Nc4 Qc6 16. Ne3 e5 17. Bc2 Rac8 18. Rad1 e4 19. Nd2 d5 20. Ndf1 Bd6 21. Ng3 g6 22. f3 Qc7 23. Qf2 exf3 24. Qxf3 Ne4 25. Nef1 f5 26. Nxe4 dxe4 27. Bxd6 Qxd6 28. Qg3 f4 29. Qg5 e3 30. Bb3+ Kg7 31. g3 Qc6 32. d5 Qc5 33. Rd4 f3 34. Nxe3 h6 35. Nf5+ Kf7 36. d6+ Bd5 37. Nxh6+ Kg7 38. Nf5+ Kf8 39. Rxe8+ Kxe8 40. Ng7+ Kf7 41. Bxd5+ Kxg7 42. Qe7+ Kh8 43. Kf1 g5 44. Qxg5 Qxd4 45. cxd4 Rc1+ 46. Kf2 1-0


[Site "https://www.chess.com"]

[Event "Titled Tuesday Blitz July 13 2021"]
[White "Tologon tegin, Semetei"]
[Black "Gusarov, Grigory"]
[WhiteFideId "13800574"]
[BlackFideId "24102172"]
[WhiteElo "2224"]
[BlackElo "2269"]
[Result "0-1"]
[Round "02"]
[TimeControl "180+1"]
[Date "2021.07.13"]
[WhiteClock "0:00:03"]
[BlackClock "0:00:46"]

1. d4 g6 2. c4 Bg7 3. Nc3 c5 4. d5 d6 5. e4 Nf6 6. Bd3 O-O 7. Nge2 e6 8. O-O exd5 9. exd5 a6 10. a4 Re8 11. h3 Nbd7 12. b3 Ne5 13. Bc2 Qc7 14. Be3 Nh5 15. Qd2 Bxh3 16. Bh6 Bh8 17. f4 Ng4 18. gxh3 Nxh6 19. f5 Bg7 20. Rae1 Qd8 21. fxg6 hxg6 22. Ne4 Qh4 23. Ng5 Ng3 24. Nxg3 Qxg3+ 25. Kh1 Rxe1 26. Rxe1 Bc3 27. Re3 Bxd2 28. Rxg3 Bxg5 29. Rxg5 Re8 30. Rg2 Re3 31. Kh2 Kg7 32. Bd1 f5 33. Re2 Rxe2+ 34. Bxe2 Kf6 35. Kg3 g5 36. h4 f4+ 37. Kh3 Nf5 38. hxg5+ Kxg5 39. Bg4 a5 40. Bd1 b6 41. Kg2 Ne3+ 42. Kf3 Nxd1 0-1


[Site "https://www.chess.com"]

[Event "Titled Tuesday Blitz July 13 2021"]
[White "Trent, Lawrence"]
[Black "Nguyen, Ngoc Truong Son"]
[WhiteFideId "408638"]
[BlackFideId "12401110"]
[WhiteElo "2474"]
[BlackElo "2596"]
[Result "1/2-1/2"]
[Round "02"]
[TimeControl "180+1"]
[Date "2021.07.13"]
[WhiteClock "0:00:34"]
[BlackClock "0:00:05"]

1. e4 c5 2. Nc3 Nc6 3. Bb5 Nd4 4. Nf3 Nxb5 5. Nxb5 d6 6. O-O a6 7. Nc3 e5 8. d3 Nf6 9. a4 Be7 10. Nd2 O-O 11. Nc4 Be6 12. Bg5 Nd7 13. Bxe7 Qxe7 14. Qd2 f5 15. exf5 Rxf5 16. f4 Raf8 17. fxe5 Rxf1+ 18. Rxf1 Rxf1+ 19. Kxf1 d5 20. Na3 Nxe5 21. h3 Nc6 22. Qf4 Qf7 23. Qxf7+ Kxf7 24. Ne2 d4 25. Nf4 g5 26. Nxe6 Kxe6 27. Ke2 h5 28. Kf3 Kf5 29. Nc4 Ne5+ 30. Nxe5 Kxe5 31. g4 h4 32. a5 Kd5 33. b3 Ke5 34. Ke2 Kd6 35. Kf3 Kd5 36. Kf2 Kc6 37. Kf3 Kd5 38. Kf2 Kc6 39. Kf3 Kb5 40. Ke4 Kxa5 41. Kf5 Kb4 42. Kxg5 b5 43. Kxh4 a5 44. g5 a4 45. bxa4 bxa4 46. g6 a3 47. g7 a2 48. g8=Q a1=Q 49. Qb3+ Ka5 50. Kg4 Qg1+ 51. Kf5 Qf1+ 52. Ke5 Qxh3 53. Kd5 Qf5+ 54. Kc6 Qf6+ 55. Kxc5 Ka6 56. Qc4+ Kb7 57. Qd5+ Kc7 58. Qxd4 Qc6+ 59. Kb4 Qxc2 60. Qc4+ Qxc4+ 61. Kxc4 Kc6 62. Kd4 Kd6 63. Kc4 Kc6 64. Kd4 Kd6 65. Ke4 Ke6 66. Ke3 Ke5 67. Ke2 Kd5 68. Kd2 Kd4 69. Kc2 Kd5 70. Kc3 Kc5 71. d4+ Kd5 72. Kd3 Kd6 73. Ke4 Ke6 74. Ke3 Kd5 75. Kd3 Kd6 76. Kc3 Kd5 77. Kd3 1/2-1/2


[Site "https://www.chess.com"]

[Event "Titled Tuesday Blitz July 13 2021"]
[White "Weetik, Vjacheslav"]
[Black "Slovak_fighter2000"]
[WhiteFideId "4153472"]
[WhiteElo "2469"]
[BlackElo "2492"]
[Result "0-1"]
[Round "02"]
[TimeControl "180+1"]
[Date "2021.07.13"]
[WhiteClock "0:00:04"]
[BlackClock "0:00:13"]

1. d4 Nf6 2. Bf4 d5 3. e3 e6 4. Nd2 c5 5. c3 Bd6 6. Bxd6 Qxd6 7. Bd3 Nc6 8. f4 cxd4 9. cxd4 O-O 10. Ngf3 Bd7 11. a3 Ne7 12. Ne5 Qb6 13. Qe2 a6 14. a4 a5 15. O-O Rac8 16. g4 Bc6 17. b3 Ne4 18. Bxe4 dxe4 19. Ndc4 Qb4 20. f5 exf5 21. gxf5 Nd5 22. f6 Nxf6 23. Rxf6 gxf6 24. Ng4 Qe7 25. Rf1 Kh8 26. Nxf6 Rg8+ 27. Nxg8 Rxg8+ 28. Kh1 Qe6 29. Qh5 Bd5 30. Ne5 f6 31. Nc4 Bxc4 32. bxc4 Qxc4 33. Qf5 Rg6 34. d5 Qd3 0-1


[Site "https://www.chess.com"]